 Dungeon Crawl Stone Soup version 0.30-a0-737-gf23d94013f (webtiles) character file.

Game seed: 7527697262251296866

163901 NinjaNoafa the Convoker (level 16, -6/77 HPs)
             Began as a Felid Summoner on Feb 2, 2023.
             Was an Initiate of Gozag.
             Blown up by an orb spider (47 damage)
             ... with an orb of destruction
             ... led by a torpor snail
             ... on level 4 of the Spider Nest.
             The game lasted 02:20:06 (54770 turns).

NinjaNoafa the Convoker (Felid Summoner)           Turns: 54770, Time: 02:20:07

Health: -6/77      AC: 18    Str:  8    XL:     16   Next: 99%
Magic:  12/32      EV: 40    Int: 36    God:    Gozag
Gold:   5549       SH:  0    Dex: 23    Spells: 3/37 levels left
                                        Lives:  0   Deaths: 3

rFire   . . .      SeeInvis +      - Unarmed
rCold   . . .      Faith    .    (shield unavailable)
rNeg    . . .      Spirit   .    (body armour unavailable)
rPois   ∞          Reflect  .    (helmet unavailable)
rElec   +          Harm     .    (cloak unavailable)
rCorr   +          Rampage  .    (gloves unavailable)
Will    ++...                    (boots unavailable)
Stlth   ++++                     R - amulet of magic regeneration
HPRegen 0.32/turn                v - ring of Ginn {rCorr Int+6}
MPRegen 0.63/turn                S - ring of Winuvev {rPois Str+4 Int+6 Dex+6}

@: storm-form, gold aura, blinkbolt cooldown, flying, studying Fighting
A: cleaving, insubstantial, flying, very small, (claws 1), (fangs 3), see
invisible, (speed 1), (shaggy fur 3), (stealthy paws), no weapons or thrown
items, no armour, multi-lived
}: 1/15 runes: decaying
a: Blinkbolt, End Transformation, Renounce Religion, Potion Petition, Call
Merchant, Bribe Branch


You were on level 4 of the Spider Nest.
You worshipped Gozag.
Gozag was greatly pleased with you.
You were a lightning-filled tempest!
You visited 7 branches of the dungeon, and saw 32 of its levels.
You also visited: Sewer.

You collected 10988 gold pieces.
You spent 4520 gold pieces at shops.
You paid 919 gold pieces to Gozag.

Inventory:

Jewellery
 a - a ring of wizardry
 h - a ring of resist corrosion
 k - a ring of willpower
 l - a ring of positive energy
 v - the ring of Ginn (left paw) {rCorr Int+6}
   (You acquired it on level 1 of the Lair of Beasts)

   [ring of intelligence]

   Int:       It affects your intelligence (+6).
   rCorr:     It protects you from acid and corrosion.
 M - a ring of protection from fire
 O - a ring of protection from cold
 R - an amulet of magic regeneration (around neck)
 S - the ring of Winuvev (right paw) {rPois Str+4 Int+6 Dex+6}
   (You bought it in a shop on level 2 of the Orcish Mines)

   [ring of dexterity]

   Str:       It affects your strength (+4).
   Int:       It affects your intelligence (+6).
   Dex:       It affects your dexterity (+6).
   rPois:     It protects you from poison.
 U - a +4 ring of protection
Wands
 r - a wand of flame (42)
 t - a wand of roots (31)
 u - a wand of polymorph (40)
 A - a wand of paralysis (45)
 G - a wand of light (25)
 L - a wand of digging (6)
 P - a wand of mindburst (30)
Scrolls
 b - 4 scrolls of vulnerability
 d - 10 scrolls of teleportation
 f - 4 scrolls of blinking
 j - 3 scrolls of silence
 n - 7 scrolls of fog
 o - 9 scrolls of poison
 w - 3 scrolls of butterflies
 y - 8 scrolls of identify
 z - a scroll of amnesia
 B - 2 scrolls of fear
 C - a scroll of magic mapping
 E - 2 scrolls of immolation
 J - 5 scrolls of torment
Potions
 c - 16 potions of curing
 g - 4 potions of heal wounds
 m - 5 potions of brilliance
 p - 6 potions of attraction
 q - 4 potions of magic
 s - 6 potions of lignification
 x - 4 potions of haste
 D - 3 potions of flight
 F - 3 potions of resistance
 H - 2 potions of might
 I - a potion of invisibility
 K - 2 potions of mutation
 N - 8 potions of ambrosia
 Q - a potion of berserk rage
Miscellaneous
 e - a piece from Xom's chessboard (15/15)
 i - a phial of floods
 T - a condenser vane


   Skills:
 + Level 12.4 Fighting
 + Level 14.9 Dodging
 - Level 7.0 Stealth
 + Level 6.3 Unarmed Combat
 - Level 11.0 Spellcasting
 - Level 10.0 Hexes
 - Level 16.0 Summonings
 - Level 5.0 Translocations
 + Level 13.3 Transmutations
 + Level 13.1 Air Magic
 - Level 8.0 Evocations


You had 3 spell levels left.
You knew the following spells:

 Your Spells              Type           Power      Damage    Failure   Level
a - Summon Hydra          Summ           47%        N/A       2%          7
b - Summon Mana Viper     Hex/Summ       85%        N/A       1%          5
c - Summon Lightning Spi  Summ/Air       90%        N/A       1%          4
d - Summon Guardian Gole  Hex/Summ       85%        N/A       1%          3
e - Storm Form            Tmut/Air       43%        N/A       8%          7
f - Blink                 Tloc           100%       N/A       1%          2
g - Swiftness             Air            86%        N/A       1%          3
h - Tukima's Dance        Hex            75%        N/A       1%          3

Your spell library contained the following spells:

 Spells                   Type           Power      Damage    Failure   Level
 Summon Small Mammal      Summ           100%       N/A       0%          1
 Call Imp                 Summ           94%        N/A       0%          2
 Call Canine Familiar     Summ           94%        N/A       0%          3
 Foxfire                  Conj/Fire      76%        2x1d7     1%          1
 Kiss of Death            Conj/Necr      76%        2d11      1%          1
 Magic Dart               Conj           76%        1d6       1%          1
 Shock                    Conj/Air       100%       1d9       1%          1
 Sting                    Tmut/Pois      100%       1d8       1%          1
 Cigotuvi's Dreadful Rot  Necr/Pois/Air  100%       N/A       1%          2
 Ensorcelled Hibernation  Hex/Ice        100%       N/A       1%          2
 Lesser Beckoning         Tloc           100%       N/A       1%          2
 Momentum Strike          Conj/Tloc      74%        3d10      1%          2
 Poisonous Vapours        Pois/Air       100%       N/A       1%          2
 Confusing Touch          Hex            75%        N/A       1%          3
 Kindle Blastsparks       Fire/Tloc/Air  100%       2d18      1%          3
 Mephitic Cloud           Conj/Pois/Air  51%        N/A       1%          3
 Spider Form              Tmut/Pois      61%        N/A       1%          3
 Searing Ray              Conj           38%        2d5       3%          2
 Airstrike                Air            43%        2d(7-23)  1%          4
 Cause Fear               Hex            37%        N/A       1%          4
 Blade Hands              Tmut           43%        N/A       1%          5
 Silence                  Hex/Air        40%        N/A       1%          5
 Summon Forest            Summ/Tloc      38%        N/A       1%          5
 Summon Cactus Giant      Summ           47%        N/A       1%          6
 Anguish                  Hex/Necr       27%        N/A       2%          4
 Fulminant Prism          Conj/Hex       27%        3d13      2%          4
 Manifold Assault         Tloc           54%        N/A       2%          4
 Passage of Golubria      Tloc           54%        N/A       2%          4
 Monstrous Menagerie      Summ           47%        N/A       2%          7
 Iskenderun's Mystic Bla  Conj/Tloc      37%        2d9       8%          4
 Dragon Form              Tmut           43%        N/A       8%          7
 Dispel Undead            Necr           19%        3d11      21%         4
 Olgreb's Toxic Radiance  Pois           19%        N/A       21%         4
 Enfeeble                 Hex            37%        N/A       28%         7
 Fireball                 Conj/Fire      9%         3d6       50%         5
 Lee's Rapid Deconstruct  Erth           9%         3d7*      50%         5
 Maxwell's Capacitive Co  Air            43%        ∞         52%         8
 Dragon's Call            Summ           47%        N/A       96%         9
 Iron Shot                Conj/Erth      9%         9d3       97%         6
 Starburst                Conj/Fire      9%         6d5       97%         6
 Lehudib's Crystal Spear  Conj/Erth      9%         10d4      100%        8
 Portal Projectile        Hex/Tloc       Unusable   N/A       N/A         3
 Animate Armour           Summ/Erth      Unusable   N/A       N/A         4

Dungeon Overview and Level Annotations

Branches:
Dungeon (15/15)            Temple (1/1) D:7            Lair (5/5) D:10
  Swamp (4/4) Lair:3       Spider (4/4) Lair:3        Slime (0/5) Lair:5
    Orc (2/2) D:10            Elf (1/3) Orc:2        Vaults (0/5) D:13
 Depths (0/4) D:15          Sewer (visited)

Altars:
Ashenzari
Cheibriados
Dithmenos
Elyvilon
Fedhas
Gozag
Hepliaklqana
Kikubaaqudgha
Makhleb
Nemelex Xobeh
Okawaru
Qazlal
Ru
Sif Muna
Trog
Uskayaw
Vehumet
Wu Jian
Xom
Yredelemnul
Zin
The Shining One
Jiyva

Shops:
D:1 ((*   D:13 *   Orc:2 =(:!   Lair:1 :

Annotations:
Swamp:4 exclusion: 3 oklob plants


Innate Abilities, Weirdness & Mutations

You are a lightning-filled tempest!
Your electrical attacks strike out in all directions at once.
You are incredibly evasive.
Your insubstantial body is immune to petrification, constriction, and being set on fire You are flying.
You are immune to poison.
((You have sharp claws.))
((You have razor-sharp teeth.))
You have supernaturally acute eyesight. (SInv)
((You cover ground quickly. (Speed+)))
((Your thick and shaggy fur keeps you warm. (AC +3, rC+)))
((Your paws help you pounce on unaware monsters.))
You are incapable of wielding weapons or throwing items.
You cannot wear armour.
You gain extra lives every three experience levels.


Message History

The orb spider is distracted by your dazzling golden aura.
Your mana viper is engulfed in blazing flames.
Aiming: Blinkbolt
Press: ? - help, Q - select action, (/) - cycle Dir - move target, f - culicivora
Aim: a culicivora (86% to hit)
The shock of your passage hits the wolf spider!
The wolf spider is lightly wounded.
The wolf spider is no longer distracted by gold.
The shock of your passage hits the culicivora!!
The culicivora is heavily wounded.
You blink.
The orb spider's many legs skitter faintly.
The orb spider is no longer distracted by gold.
The wolf spider's wounds heal themselves!
The wolf spider completely misses you. x2
The wolf spider is distracted by your dazzling golden aura.
You barely miss the wolf spider.
The wolf spider is no longer distracted by gold.
The wolf spider's many legs skitter.
Your mana viper bites the wolf spider!
The orb spider begins to weave its threads into a brightly glowing ball.
The wolf spider hits your mana viper!! The wolf spider bites your mana viper!
Your mana viper looks as sick as possible!
The wolf spider poisons your mana viper!
The culicivora is distracted by your dazzling golden aura.
Your mana viper closely misses the wolf spider.
The wolf spider is distracted by your dazzling golden aura.
The orb spider weaves a glowing orb of energy.
Your mana viper bites the wolf spider!
The wolf spider is no longer distracted by gold.
An orb of destruction comes into view.
Casting: Summon Guardian Golem (safe; 1% risk of failure)
Confirm with . or Enter, or press ? or * to list all spells.
An eight-headed hydra appears.
Your mana viper bites the wolf spider.
The wolf spider hits you! The wolf spider completely misses you.
The orb spider begins to weave its threads into a brightly glowing ball.
The orb spider bites your eight-headed hydra.
The orb of destruction hits you!!!
Ouch! That really hurt!
You die...

....# .. ....+ . #
#. ..... $ #.#B##^
.... ..#..^ ...
#.##s##s# #s##.#D#
#..#.☼○Ss.#
.....$.v#$#
###..#.$$§# # #.
##$..#^## #..#..☼..#
.....^.#.#..##
#####.....###.#
!..#.#.... .# ##
.....#...#.#### ^###
.##.#..#.?....##...#


You could see a wolf spider (ally target), 2 orb spiders, a culicivora, a
friendly eight-headed hydra (summoned) and a friendly mana viper (summoned,
extremely poisoned).

Vanquished Creatures
  Arachne (Spider:2)
  2 emperor scorpions (Spider:1)
  5 ghost moths
  A vampire knight (Swamp:4)
  A spark wasp (Spider:2)
  A spectral elf (Elf:1)
  A shambling mangrove (Swamp:4)
  2 hydras
  A ghost crab (Swamp:4)
  A boulder beetle (Spider:3)
  2 alligators (Swamp:4)
  A radroach (Spider:4)
  A vampire mage (Swamp:3)
  An orc high priest (Orc:2)
  A swamp dragon (Swamp:4)
  A spectral hydra (Swamp:4)
  A deep elf archer (Elf:1)
  2 orc sorcerers
  3 deep elf zephyrmancers (Elf:1)
  3 wolf spiders
  A moth of wrath (Spider:1)
  A torpor snail (Lair:4)
  A hydra zombie (Swamp:4)
  2 tyrant leeches (Swamp:4)
  6 tarantellas
  A blink frog (Lair:5)
  3 death drake skeletons (Swamp:4)
  8 culicivoras
  7 jumping spiders
  A spriggan (Swamp:3)
  A hog (D:13)
  6 redbacks
  A warg (Orc:1)
  3 swamp worms (Swamp:4)
  A hydra simulacrum (Swamp:4)
  3 swamp drakes (Swamp:4)
  2 orc warriors (Orc:2)
  A swamp dragon zombie (Swamp:4)
  An ogre (Orc:2)
  A nameless horror (Swamp:4)
  An earth elemental (Elf:1)
  An electric eel (D:15)
  An orc wizard (Orc:2)
  2 orcs
  A frilled lizard (Sewer)
89 creatures vanquished.

Vanquished Creatures (collateral kills)
  Kirke (D:14)
  A thorn hunter (Swamp:4)
  A frost giant (D:15)
  An emperor scorpion (Spider:1)
  2 broodmothers
  An orc warlord (Orc:2)
  3 eleionomae
  A vampire knight (Swamp:3)
  A spark wasp (Spider:3)
  6 bunyips
  A deep elf death mage (Elf:1)
  4 vault guards (D:13)
  4 entropy weavers
  Fannar (Orc:1)
  13 hydras
  3 ogre magi
  3 catoblepae (Lair:5)
  2 jorogumos
  Erolcha (Orc:2)
  5 centaur warriors
  2 radroaches
  11 boulder beetles
  3 two-headed ogres (D:15)
  10 death yaks
  7 alligators
  4 tengu warriors
  Nergalle (Orc:2)
  6 pharaoh ants
  A shadow wraith (Elf:1)
  3 skeletal warriors (D:14)
  4 spriggan druids
  4 goliath frogs
  4 deep elf archers
  A flayed ghost (Swamp:4)
  5 swamp dragons
  9 bog bodies
  A phantasmal warrior (Elf:1)
  2 spectral hydras (Swamp:4)
  8 deep elf pyromancers
  2 steelbarb worms (Spider:3)
  4 orb spiders
  5 deep elf zephyrmancers (Elf:1)
  4 manticores
  6 wolf spiders
  9 orc sorcerers (Orc:2)
  3 orc knights
  5 cyclopes
  2 oklob plants
  An elephant (shapeshifter) (D:15)
  6 ugly things
  4 will-o-the-wisps
  5 elephants (Lair:5)
  A spectral elf (Elf:1)
  5 demonic crawlers
  2 gargoyles
  2 torpor snails
  2 black mambas (Lair:5)
  2 ice statues (Spider:2)
  7 cane toads
  4 rime drakes
  10 nameless horrors
  A kobold demonologist (D:11)
  A yaktaur (D:13)
  5 unseen horrors
  7 komodo dragons
  3 tengu conjurers
  2 efreet
  3 meliai (Lair:4)
  5 trolls
  2 polar bears
  2 bloated husks (Swamp:2)
  A queen bee (Lair:4)
  11 tarantellas
  9 hornets
  14 tyrant leeches
  24 blink frogs
  3 hydra skeletons (Swamp:4)
  5 dream sheep (Lair:5)
  A slime creature (D:11)
  8 jumping spiders
  A shadow (D:11)
  2 wyverns
  Sigmund (D:4)
  8 culicivoras
  9 spriggans
  3 wraiths
  2 vampires (D:11)
  41 yaks
  A golden eye (shapeshifter) (Spider:1)
  A basilisk (D:12)
  5 hogs (D:14)
  2 fire bats
  30 redbacks
  4 steam dragons
  7 vampire mosquitoes
  Menkaure (D:6)
  2 wargs (Orc:2)
  2 acid dragons
  12 swamp worms
  2 hydra simulacra (Swamp:4)
  12 water moccasins
  5 swamp drakes
  An ice beast (D:6)
  20 orc warriors
  A black bear (D:7)
  A sky beast (D:7)
  2 swamp dragon zombies (Swamp:4)
  13 centaurs
  9 ogres
  10 wolves
  A phantom (D:5)
  2 kobold brigands
  8 bullfrogs
  An earth elemental (Elf:1)
  2 necrophages (D:6)
  5 scorpions
  6 wights (D:8)
  33 killer bees
  An electric eel (Lair:5)
  A howler monkey (D:10)
  2 lava snakes (Lair:5)
  2 hounds
  5 jellies
  A gnoll bouda (Orc:1)
  17 orc priests
  Crazy Yiuf (D:3)
  5 iguanas
  Natasha (D:4)
  34 orc wizards
  Robin (D:4)
  8 gnolls
  11 adders
  5 shadow imps (D:5)
  An ufetubus (D:6)
  A worm (D:4)
  61 orcs
  2 endoplasms
  7 giant cockroaches
  7 hobgoblins
  10 jackals
  7 quokkas
  11 ball pythons
  2 bats
  3 frilled lizards
  9 goblins
  20 kobolds
  9 rats
  A plant (Lair:5)
853 creatures vanquished.

Vanquished Creatures (others)
  A centaur warrior (D:14)
  3 two-headed ogres
  A boulder beetle (D:14)
  A death yak (Lair:4)
  A manticore (D:11)
  An oklob plant (Lair:3)
  2 cane toads
  A death drake zombie (Swamp:4)
  A hornet (D:8)
  A blink frog (Lair:4)
  A culicivora (Lair:3)
  A basilisk (Lair:2)
  6 dancing weapons
  9 yaks
  An acid dragon (D:8)
  2 water moccasins
  An orc warrior (Orc:2)
  An ogre (D:4)
  A centaur (D:14)
  An elf simulacrum (Elf:1)
  Blork the orc (D:5)
  2 wights (D:8)
  A killer bee (Lair:4)
  A jelly (D:6)
  2 orc wizards
  A gnoll (D:6)
  An orc (Orc:1)
  28 foxfires
  30 fungi
  A lost soul (Elf:1)
  79 plants
184 creatures vanquished.

Grand Total: 1126 creatures vanquished

Notes
Turn   | Place    | Note
-------+----------+-------------------------------------------
     0 | D:1      | NinjaNoafa the Felid Summoner began the quest for the Orb.
     0 | D:1      | Reached XP level 1. HP: 7/7 MP: 4/4
   217 | D:1      | Found Dostai's Weapon Emporium.
   347 | D:1      | Reached XP level 2. HP: 11/11 MP: 1/6
   402 | D:1      | Learned a level 2 spell: Call Imp
   495 | D:1      | Found Ownue's Weapon Shoppe.
   510 | D:1      | Found Cirphytema's General Store.
  1658 | D:2      | Reached XP level 3. HP: 8/14 MP: 2/8
  1917 | D:2      | Learned a level 3 spell: Call Canine Familiar
  2545 | D:1      | Bought a scroll of blinking for 75 gold pieces
  2545 | D:1      | Bought a potion of curing for 30 gold pieces
  2590 | D:3      | Reached XP level 4. HP: 18/18 MP: 5/9
  2660 | D:3      | Found a sacrificial altar of Ru.
  3044 | D:3      | Found the +4 robe of Augmentation {Str+4 Int+4 Dex+4}
  3548 | D:3      | Found a runed translucent door.
  3549 | D:3      | Noticed Crazy Yiuf
  3564 | D:3      | Killed Crazy Yiuf
  3565 | D:3      | Reached skill level 1 in Fighting
  3745 | D:4      | Noticed an ogre
  3758 | D:4      | Killed an ogre
  3759 | D:4      | Reached skill level 5 in Summonings
  3759 | D:4      | Reached XP level 5. HP: 22/22 MP: 3/10
  3822 | D:4      | Found the +6 shillelagh "Devastator" {shatter}
  3855 | D:4      | Noticed Robin
  3877 | D:4      | Noticed an ogre
  3881 | D:4      | Killed Robin
  3946 | D:4      | Killed an ogre
  3947 | D:4      | Gained mutation: You are covered in thick fur. (AC +2)
                  | [Felid growth]
  3947 | D:4      | Reached XP level 6. HP: 26/26 MP: 3/11
  4032 | D:4      | Learned a level 3 spell: Summon Guardian Golem
  4062 | D:4      | Found a glowing drain.
  4113 | Sewer    | Entered a sewer
  4972 | D:4      | Reached skill level 6 in Summonings
  4972 | D:4      | HP: 1/26 [orc/+0 flail (7)]
  5151 | D:4      | Reached XP level 7. HP: 30/30 MP: 13/13
  5519 | D:4      | Noticed Natasha
  5532 | D:4      | Killed Natasha
  5670 | D:4      | Noticed Sigmund
  5696 | D:4      | Killed Sigmund
  5697 | D:4      | Reached skill level 5 in Hexes
  5792 | D:5      | Entered Level 5 of the Dungeon
  5902 | D:1      | Bought a scroll of teleportation for 30 gold pieces
  5902 | D:1      | Bought a potion of attraction for 30 gold pieces
  6206 | D:5      | Found a shimmering altar of Xom.
  6209 | D:5      | Found a shimmering blue altar of Sif Muna.
  6263 | D:5      | Noticed Blork the orc
  6277 | D:5      | Killed Blork the orc
  6438 | D:5      | Reached skill level 5 in Spellcasting
  6438 | D:5      | Reached skill level 7 in Summonings
  6438 | D:5      | Reached XP level 8. HP: 33/33 MP: 7/16
  6632 | D:5      | Found a transporter.
  6809 | D:5      | Found a transporter.
  7797 | D:6      | Reached skill level 8 in Summonings
  8383 | D:6      | Noticed Menkaure
  8390 | D:6      | Killed Menkaure
  8391 | D:6      | Reached XP level 9. HP: 22/36 MP: 13/20
  8510 | D:6      | Learned a level 4 spell: Summon Lightning Spire
  8888 | D:7      | Found a staircase to the Ecumenical Temple.
  8902 | D:7      | Reached skill level 1 in Air Magic
  8934 | Temple   | Entered the Ecumenical Temple
  9135 | Temple   | Became a worshipper of Gozag Ym Sagoz the Greedy
  9335 | D:7      | Reached skill level 9 in Summonings
 10157 | D:7      | Reached skill level 5 in Dodging
 11131 | D:8      | Reached XP level 10. HP: 12/43 MP: 11/22
 11606 | D:9      | Paralysed by a hornet for 3 turns
 11836 | D:9      | Reached skill level 5 in Fighting
 12022 | D:9      | Reached skill level 5 in Air Magic
 12586 | D:10     | Entered Level 10 of the Dungeon
 12648 | D:10     | You fall into a shaft and drop 1 floor!
 12740 | D:11     | Reached skill level 1 in Evocations
 13047 | D:11     | Learned a level 2 spell: Blink
 13183 | D:11     | Learned a level 3 spell: Swiftness
 13288 | D:11     | Reached skill level 1 in Translocations
 13506 | D:11     | Noticed a boulder beetle
 13545 | D:11     | Killed a boulder beetle
 13546 | D:11     | Reached skill level 5 in Evocations
 13691 | D:11     | Noticed a manticore
 13703 | D:11     | Killed a manticore
 13704 | D:11     | Reached XP level 11. HP: 13/47 MP: 10/23
 13997 | D:10     | Reached skill level 5 in Translocations
 14389 | D:10     | Found a staircase to the Orcish Mines.
 14752 | D:10     | Reached skill level 10 in Summonings
 14971 | D:10     | Found a staircase to the Lair.
 15170 | Lair:1   | Entered Level 1 of the Lair of Beasts
 15391 | Lair:1   | Learned a level 3 spell: Tukima's Dance
 15396 | Lair:1   | Identified a scroll of acquirement
 15398 | Lair:1   | Acquired the ring of Ginn {rCorr Int+6}
 16046 | Lair:1   | Bought Oruf's Tractate on Production for 644 gold pieces
 16471 | Lair:2   | Found an ancient bone altar of Kikubaaqudgha.
 16472 | Lair:2   | Noticed an oklob plant
 16480 | Lair:2   | Killed an oklob plant
 17130 | Lair:2   | Noticed an eight-headed hydra
 17149 | Lair:2   | Killed an eight-headed hydra
 17479 | Lair:3   | Noticed a boulder beetle
 17511 | Lair:3   | Killed a boulder beetle
 17512 | Lair:3   | Gained mutation: Your thick and shaggy fur keeps you warm.
                  | (AC +3, rC+) [Felid growth]
 17512 | Lair:3   | Reached XP level 12. HP: 53/53 MP: 16/26
 17597 | Lair:3   | Found a blossoming altar of Fedhas.
 17963 | Lair:3   | Reached skill level 11 in Summonings
 18091 | Lair:3   | Identified the ring of Kugrenuz {Int+6 Stlth+}
 18139 | Lair:3   | Found a hole to the Spider Nest.
 19043 | Lair:3   | Reached skill level 10 in Spellcasting
 19311 | Lair:3   | Reached skill level 5 in Stealth
 19453 | Lair:3   | Found a staircase to the Swamp.
 19778 | Lair:4   | Noticed a death yak
 19785 | Lair:4   | Noticed a death yak
 19788 | Lair:4   | Noticed a death yak
 19951 | Lair:4   | Reached skill level 10 in Dodging
 19965 | Lair:4   | HP: 2/54 [rime drake/icy flash freeze (8)]
 20260 | Lair:3   | Engulfed by their own flame
 20261 | Lair:3   | Reached XP level 11. HP: -2/50 MP: 13/26
 20352 | Lair:4   | Noticed a death yak
 20403 | Lair:3   | Killed a death yak
 20806 | Lair:4   | Reached XP level 12. HP: 55/55 MP: 23/27
 20936 | Lair:4   | Reached skill level 12 in Summonings
 20942 | Lair:4   | Noticed an eight-headed hydra
 21140 | Lair:4   | Killed a death yak
 21349 | D:11     | Noticed a boulder beetle
 21393 | D:11     | Killed a boulder beetle
 21575 | D:11     | Identified the +0 buckler of Wyrghiful {Drain rN+ Str+5}
 21630 | D:11     | Noticed a two-headed ogre
 21641 | D:11     | Killed a two-headed ogre
 22852 | D:12     | Found a shimmering altar of Xom.
 22853 | D:12     | Found a shimmering altar of Xom.
 22854 | D:12     | Found a shimmering altar of Xom.
 22855 | D:12     | Found a shimmering altar of Xom.
 22855 | D:12     | Found a shimmering altar of Xom.
 22855 | D:12     | Found a shimmering altar of Xom.
 22855 | D:12     | Found a shimmering altar of Xom.
 22855 | D:12     | Found a shimmering altar of Xom.
 22990 | D:12     | Noticed a boulder beetle
 23057 | D:12     | Killed a boulder beetle
 23058 | D:12     | Reached skill level 13 in Summonings
 23350 | D:13     | Noticed a four-headed hydra
 23369 | D:13     | Killed a four-headed hydra
 23496 | D:13     | Found Eteink's Assorted Antiques.
 23504 | D:13     | Bought a scroll of identify for 54 gold pieces
 23504 | D:13     | Bought a scroll of identify for 54 gold pieces
 23742 | Lair:3   | Learned a level 7 spell: Summon Hydra
 23797 | Lair:4   | Killed an eight-headed hydra
 23875 | Lair:5   | Entered Level 5 of the Lair of Beasts
 24024 | Lair:4   | Killed a death yak
 24027 | Lair:4   | Killed a death yak
 24096 | Lair:4   | You fall into a shaft and drop 1 floor!
 24100 | Lair:5   | Found a hide-covered altar of Uskayaw.
 24103 | Lair:5   | Noticed a boulder beetle
 24119 | Lair:5   | Reached skill level 14 in Summonings
 24521 | Lair:4   | Reached XP level 13. HP: 58/58 MP: 11/28
 25103 | Lair:5   | Found a viscous altar of Jiyva.
 25103 | Lair:5   | Found a staircase to the Slime Pits.
 25423 | Lair:5   | Reached skill level 15 in Summonings
 25423 | Lair:5   | HP: 1/58 [blink frog (13)]
 27237 | Lair:5   | Reached skill level 16 in Summonings
 27335 | Lair:1   | Bought a book of the Sky for 616 gold pieces
 27741 | Lair:5   | Reached skill level 1 in Transmutations
 28087 | Lair:5   | Found an ornate altar of the Wu Jian Council.
 29593 | D:13     | Reached XP level 14. HP: 32/63 MP: 6/29
 30629 | D:13     | Found a gate to the Vaults.
 31670 | D:14     | Identified the +8 short sword "Allo" {heavy, +Blink rElec
                  | rN+}
 32137 | D:14     | Reached skill level 5 in Transmutations
 32264 | D:14     | Noticed Kirke
 32774 | D:14     | HP: 1/64 [lindwurm/blast of flame[Kirke] (35)]
 33437 | D:14     | Killed Kirke
 33573 | D:15     | Entered Level 15 of the Dungeon
 34786 | D:15     | HP: 1/64 [two-headed ogre/+0 giant spiked club (40)]
 35923 | D:15     | Found a staircase to the Depths.
 35923 | D:15     | Noticed a frost giant
 35934 | D:15     | Killed a frost giant
 35935 | D:15     | Reached XP level 15. HP: 23/68 MP: 14/30
 36540 | Swamp:1  | Entered Level 1 of the Swamp
 36553 | Lair:3   | Reached skill level 10 in Air Magic
 36553 | Lair:3   | Reached XP level 16. HP: 47/72 MP: 15/31
 36893 | Swamp:1  | Identified the +6 spear "Ihabb" {heavy, Contam Str+3}
 37066 | Orc:1    | Entered Level 1 of the Orcish Mines
 37073 | Orc:1    | Noticed Fannar
 37084 | Orc:1    | Killed Fannar
 37643 | Orc:2    | Entered Level 2 of the Orcish Mines
 38278 | Orc:2    | Found a staircase to the Elven Halls.
 38394 | Orc:2    | Identified the +4 chain mail of Asceticism {Str+6 Dex+2}
 38863 | D:13     | Bought a wand of roots (5) for 324 gold pieces
 38863 | D:13     | Bought a potion of brilliance for 108 gold pieces
 39116 | D:1      | Bought a potion of resistance for 100 gold pieces
 39902 | Orc:2    | Found Xesch's Distillery.
 39982 | Orc:2    | Bought a potion of heal wounds for 65 gold pieces
 39982 | Orc:2    | Bought a potion of mutation for 104 gold pieces
 39982 | Orc:2    | Bought a potion of ambrosia for 104 gold pieces
 39996 | Orc:2    | Found an ancient bone altar of Kikubaaqudgha.
 39998 | Orc:2    | Noticed Nergalle
 40017 | Orc:2    | Killed Nergalle
 40164 | Orc:2    | Noticed Erolcha
 40190 | Orc:2    | Killed Erolcha
 40191 | Orc:2    | Reached skill level 10 in Fighting
 40360 | Orc:2    | Found a radiant altar of Vehumet.
 40515 | Orc:2    | Found Dedy's Book Emporium.
 40563 | Orc:2    | HP: 3/70 [red devil/+0 trident[an orc sorcerer] (19)]
 41011 | Orc:2    | Found Uriops's Jewellery Shoppe.
 41018 | Orc:2    | Found Mothresyn's Antique Weapon Emporium.
 41046 | Orc:2    | Bought an amulet of magic regeneration for 300 gold pieces
 41046 | Orc:2    | Bought the ring of Winuvev {rPois Str+4 Int+6 Dex+6} for
                  | 682 gold pieces
 42110 | Swamp:2  | Reached skill level 10 in Transmutations
 42123 | Swamp:2  | Slain by an alligator
 42124 | Swamp:2  | Reached XP level 15. HP: -1/69 MP: 8/31
 42781 | Swamp:2  | Slain by an alligator
 42782 | Swamp:2  | Reached XP level 14. HP: -1/66 MP: 7/30
 43391 | Swamp:2  | You fall into a shaft and drop 1 floor!
 44065 | Swamp:3  | Reached XP level 15. HP: 69/69 MP: 16/31
 44325 | Spider:1 | Entered Level 1 of the Spider Nest
 44334 | Spider:1 | Learned a level 7 spell: Storm Form
 44538 | Spider:1 | Reached skill level 1 in Unarmed Combat
 44643 | Spider:1 | Noticed an emperor scorpion
 44660 | Spider:1 | Killed an emperor scorpion
 44912 | Spider:2 | Found a frozen archway.
 44914 | Spider:2 | Noticed Arachne
 45149 | Spider:1 | Noticed an emperor scorpion
 45165 | Spider:1 | Killed an emperor scorpion
 45167 | Spider:1 | Noticed an emperor scorpion
 45172 | Spider:1 | Killed an emperor scorpion
 46170 | Spider:2 | Identified the +0 pair of gloves of Gravity {Drain rElec
                  | rCorr Int+3}
 47369 | Spider:2 | Killed Arachne
 48311 | Swamp:4  | Entered Level 4 of the Swamp
 49831 | Elf:1    | Entered Level 1 of the Elven Halls
 49895 | Elf:1    | Reached XP level 16. HP: 75/75 MP: 11/32
 49913 | Elf:1    | Identified the +9 trident of Yredelemnul's Approval {drain,
                  | Drain rF+ Str+3 SInv}
 50094 | Elf:1    | Reached skill level 5 in Unarmed Combat
 50359 | Elf:1    | Learned a level 5 spell: Summon Mana Viper
 51038 | Spider:3 | Reached skill level 10 in Hexes
 52117 | Orc:2    | Bought a manual of Fighting for 1200 gold pieces
 53599 | Swamp:4  | Found a blossoming altar of Fedhas.
 53599 | Swamp:4  | Noticed a thorn hunter
 53623 | Swamp:4  | Killed a thorn hunter
 53748 | Swamp:4  | Found a basalt altar of Yredelemnul.
 53763 | Swamp:4  | Got a decaying rune of Zot
 54708 | Spider:4 | Entered Level 4 of the Spider Nest
 54770 | Spider:4 | Blown up by an orb spider

Illustrated notes

Levels and vault maps discovered:
D:1:      roderic_dead_forest, layout_basic, serial_shops, shop,
          nicolae_shop_window_shopping, nicolae_diamond_shop
D:2:      layout_rooms
D:3:      layout_rooms, mainiacjoe_overflow_alcove_4, kennysheep_small_spiral,
          patterned_corridor, uniq_crazy_yiuf_cottage
D:4:      layout_gridville, portal_sewer_entry_f,
          dilly_guarded_unrand_devastator, uniq_natasha, uniq_sigmund,
          uniq_robin
D:5:      gammafunk_wand_slinger, layout_basic,
          mainiacjoe_overflow_catwalk_spiral, uniq_blork_the_orc
D:6:      kennysheep_spiral_hall, layout_basic, minmay_strange_pillars,
          st_stairs_1, uniq_menkaure
D:7:      layout_gridville, minmay_temple_entry_offerings
D:8:      layout_rooms
D:9:      layout_cave_pools
D:10:     layout_loops_ring, lair_entry_dummy, orc_0_dummy
D:11:     layout_layer_cave, minivault_10, chequers_jeans,
          minmay_alternating_orb
D:12:     layout_roguey, xom_shifter_show
D:13:     layout_cave_pods, grunt_vaults_entry_fortified, serial_shops,
          nicolae_shop_overgrown_old_shop
D:14:     layout_irregular_city, minmay_misc_feat_tiny, uniq_kirke
D:15:     grunt_enter_depths_snipers, layout_basic, nicolae_eternal_life,
          st_stairs_5, grunt_ministairs_15
Temple:   compressed_dpeg_triangle_lava_temple
Lair:1:   layout_regular_city, grunt_megastairs_3
Lair:2:   beast_lair_carwin_large_2, layout_loops_ring, lemuel_oklob_altar
Lair:3:   layout_roguey, minmay_swamp_entry_worms, spider_nest_entry_rubble,
          hangedman_tree_tricks, beast_lair_carwin_11
Lair:4:   layout_roguey [special_room_bee], serial_bayou_shore_b,
          grunt_megastairs_5
Lair:5:   evilmike_catoblepas_cave, layout_gridlike, minmay_slime_entry_pillars,
          nicolae_quartered_pool_impasse, hangedman_lair_unloving_vines,
          nzn_masters_of_martial_movement
Swamp:1:  layout_falls_marsh, hangedman_swamp_ruin_wall
Swamp:2:  layout_basic_swamp, serial_swamp_ruin, evilmike_swamp_ruin_house_3,
          evilmike_swamp_ruin_rubble_1
Swamp:3:  layout_falls_marsh, evilmike_swamp_ruin_house_4,
          cheibrodos_swamp_pet_leeches
Swamp:4:  byrel_swamp_growth_death_and_undeath, layout_basic_swamp, swamp_pool3,
          nicolae_swamp_feature_on_the_river_bank
Spider:1: layout_chambers, hellmonk_deceptive_appearances
Spider:2: layout_spider_delve, portal_ice_cave_entry_ice_statue_two,
          uniq_arachne
Spider:3: nicolae_spider_hilbert_zone_2 [nicolae_spider_hilbert_4_sides_1_open,
          nicolae_spider_hilbert_4_sides_1_open,
          nicolae_spider_hilbert_4_sides_1_open,
          nicolae_spider_hilbert_4_sides_1_open,
          nicolae_spider_hilbert_6_sides_1_open,
          nicolae_spider_hilbert_6_sides_1_open,
          nicolae_spider_hilbert_3_sides_1_open,
          nicolae_spider_hilbert_3_sides_1_open,
          nicolae_spider_hilbert_3_sides_1_open,
          nicolae_spider_hilbert_3_sides_1_open,
          nicolae_spider_hilbert_6_sides_1_open,
          nicolae_spider_hilbert_6_sides_1_open,
          nicolae_spider_hilbert_6_sides_1_open,
          nicolae_spider_hilbert_6_sides_1_open]
Spider:4: johnstein_spider_rune_arachne_lair, special_room,
          nicolae_spider_some_kinda_spiderbox
Orc:1:    layout_caves, uniq_fannar
Orc:2:    kennysheep_orc_mage_school, layout_diamond_mine, elf_legates
Elf:1:    eino_elf_arrival_the_gate, layout_gridlike, evilmike_minifort,
          nicolae_elf_deep_mausoleum

Skill      XL: |  1  2  3  4  5  6  7  8  9 10 11 12 13 14 15 16 |
---------------+-------------------------------------------------+-----
Dodging        | 3 4 6 7 8 11 12 13 14 | 14.9
Stealth        | 3 4 5 7 |  7.0
Fighting       | 2 4 5 6 8 9 11 12 | 12.4
Summonings     | 5 6 7 8 9 10 14 16 | 16.0
Spellcasting   | 3 5 6 7 9 10 11 | 11.0
Hexes          | 2 3 5 7 8 10 | 10.0
Air Magic      | 4 7 9 12 13 | 13.1
Evocations     | 5 7 8 |  8.0
Translocations | 4 5 |  5.0
Transmutations | 3 11 12 13 | 13.3
Unarmed Combat | 4 6 |  6.3

Action                     |  1- 3 |  4- 6 |  7- 9 | 10-12 | 13-15 | 16-18 || total
---------------------------+-------+-------+-------+-------+-------+-------++-------
  Melee: Unarmed           |     1 |    11 |     5 |    35 |   111 |   128 ||   291
         Bite              |       |     2 |       |     5 |    11 |       ||    18
         Punch             |       |       |       |       |     5 |     9 ||    14
   Cast: Summon Small Mamm |    63 |    51 |    88 |    45 |       |       ||   247
         Call Imp          |    20 |    20 |    41 |    23 |       |       ||   104
         Call Canine Famil |     6 |    24 |    41 |    74 |    76 |    29 ||   250
         Summon Guardian G |       |     2 |    13 |    51 |    21 |     9 ||    96
         Summon Lightning  |       |       |    13 |   104 |    35 |    13 ||   165
         Blink             |       |       |       |    19 |    15 |     5 ||    39
         Swiftness         |       |       |       |    11 |    12 |     6 ||    29
         Summon Hydra      |       |       |       |     9 |   298 |   169 ||   476
         Tukima's Dance    |       |       |       |     5 |    46 |     4 ||    55
         Storm Form        |       |       |       |       |    35 |    32 ||    67
         Summon Mana Viper |       |       |       |       |       |    23 ||    23
 Invoke: Call Merchant     |       |       |       |     1 |       |       ||     1
Ability: Blinkbolt         |       |       |       |       |    38 |    45 ||    83
  Evoke: Wand              |       |       |       |     2 |    12 |       ||    14
    Use: Potion            |       |     1 |       |     3 |     3 |     2 ||     9
         Scroll            |       |       |       |    28 |     7 |     3 ||    38
   Stab: Sleeping          |       |       |       |     1 |     1 |       ||     2
         Paralysed         |       |       |       |     2 |       |       ||     2
         Distracted        |       |       |       |       |     1 |     6 ||     7
 Armour: Skin              |     1 |     2 |     6 |    25 |    46 |    58 ||   138
  Dodge: Dodged            |    48 |    20 |    61 |   287 |   722 |   567 ||  1705
  Block: Other             |     3 |     3 |    21 |    70 |    53 |     6 ||   156
         Reflection        |       |       |     1 |     3 |    11 |     3 ||    18

Table legend: (Time is in decaauts)
 A = Elapsed time spent in this place.
 B = Non-inter-level travel time spent in this place.
 C = Inter-level travel time spent in this place.
 D = Time resting spent in this place.
 E = Time spent auto-exploring this place.
 F = Levels seen in this place.
 G = Mean time per level.
                   A        B        C        D        E       F      G
               +--------+--------+--------+--------+--------+-----+--------+
         Total |  50155 |  45163 |   4992 |    584 |  35657 |  33 | 1519.8 |
       Dungeon |  22897 |  20763 |   2134 |    219 |  16560 |  15 | 1526.5 |
        Temple |    291 |    282 |      9 |      0 |    268 |   1 |  291.0 |
          Lair |  10922 |   9286 |   1636 |    143 |   7133 |   5 | 2184.4 |
         Swamp |   5422 |   4991 |    431 |    167 |   3654 |   4 | 1355.5 |
   Spider Nest |   5304 |   4996 |    308 |      0 |   4075 |   4 | 1326.0 |
  Orcish Mines |   4035 |   3617 |    418 |      0 |   3127 |   2 | 2017.5 |
   Elven Halls |    599 |    547 |     52 |     55 |    340 |   1 |  599.0 |
         Sewer |    681 |    681 |      0 |      0 |    498 |   1 |  681.0 |
               +--------+--------+--------+--------+--------+-----+--------+

Top non-repeatable levels by time:
  Lair:3: 3126 daAuts
   Orc:2: 3004 daAuts
  Lair:5: 2692 daAuts
    D:13: 2628 daAuts
    D:15: 2514 daAuts
  Lair:4: 2376 daAuts
    D:11: 2285 daAuts
Spider:2: 2005 daAuts
    D:14: 1905 daAuts
Spider:1: 1741 daAuts
 Swamp:3: 1639 daAuts
 Swamp:2: 1580 daAuts
  Lair:2: 1547 daAuts
Spider:3: 1493 daAuts
    D:10: 1488 daAuts
